 Dungeon Crawl Stone Soup version 0.24.1-14-gf8d2b509d9 (webtiles) character file.

Game seed: 13398712560838992481, levelgen mode: deterministic

448 Blejac999 the Sneak (level 7, -5/37 HPs)
             Began as a Kobold Enchanter on May 30, 2020.
             Killed from afar by an orc wizard (8 damage)
             ... with a puff of flame
             ... on level 5 of the Dungeon.
             The game lasted 00:12:38 (6009 turns).

Blejac999 the Sneak (Kobold Enchanter)              Turns: 6009, Time: 00:12:38

Health: -5/37      AC:  2    Str:  5    XL:     7   Next: 24%
Magic:  13/13      EV: 16    Int: 18    God:
Gold:   157        SH:  0    Dex: 16    Spells: 5/14 levels left

rFire    . . .     SeeInvis .   k - +1 dagger (speed)
rCold    . . .     Gourm    .   (shield restricted)
rNeg     . . .     Faith    .   b - +0 robe
rPois    .         Spirit   .   (helmet restricted)
rElec    .         Reflect  .   (no cloak)
rCorr    .         Harm     .   (no gloves)
MR       .....                  (no boots)
Stlth    +++.......             (no amulet)
HPRegen  0.12/turn              (no ring)
MPRegen  0.13/turn              (no ring)

@: no status effects
A: small, horns 1, carnivore, screaming 1
a: no special abilities


You were on level 5 of the Dungeon.
You were completely stuffed.

You visited 1 branch of the dungeon, and saw 5 of its levels.

You collected 157 gold pieces.

Inventory:

Hand Weapons
 k - a +1 dagger of speed (weapon)
Armour
 b - a +0 robe (worn)
Wands
 i - a wand of flame (19)
Scrolls
 c - 6 scrolls of identify
 e - a scroll of remove curse
 f - a scroll of amnesia
 h - a scroll of teleportation
Potions
 g - 2 potions of lignification
Comestibles
 a - 3 chunks of flesh
 d - 10 rations


   Skills:
 + Level 0.8 Fighting
 + Level 3.2 Short Blades
 + Level 3.7 Dodging
 + Level 5.8 Stealth
 + Level 4.1 Spellcasting
 + Level 4.4 Hexes
 + Level 1.9 Ice Magic


You had 5 spell levels left.
You knew the following spells:

 Your Spells              Type           Power        Failure   Level  Hunger
a - Corona                Hex            ###....      2%          1    None
b - Ensorcelled Hibernat  Hex/Ice        ###...       6%          2    ##.....
c - Tukima's Dance        Hex            ###.....     7%          3    ###....
d - Confuse               Hex            ###.....     7%          3    ###....

Your spell library contained the following spells:

 Spells                   Type           Power        Failure   Level  Hunger
 Dazzling Spray           Conj/Hex       ##....       19%         3    ###....


Dungeon Overview and Level Annotations

Branches:
Dungeon (5/15)
 Temple: D:4-7

Altars:


Innate Abilities, Weirdness & Mutations

You are small and have problems with some larger weapons.
You are carnivorous and can eat meat at any time.
You have a pair of small horns on your head.
You occasionally shout uncontrollably at your foes.


Message History

You hit the centaur skeleton.
You headbutt the centaur skeleton, but do no damage.
The centaur skeleton is severely damaged.
The centaur skeleton misses you. The centaur skeleton misses you.
The centaur skeleton closely misses you.
The orc wizard shouts!
The centaur skeleton stops glowing.
The orc wizard points at you and mumbles some strange words.
The puff of frost misses you. The centaur skeleton hits you.
The orc wizard points at you and mumbles some strange words.
The puff of flame hits you.
* * * LOW HITPOINT WARNING * * *
There is a stone staircase leading up here.
The centaur skeleton hits you.
* * * LOW HITPOINT WARNING * * *
The orc wizard gestures at you while chanting.
The puff of flame hits you!
You die...

#....#...+ #.รท####
#........##### ##'#..#
#....#.......####..P..####.
#...##......................
##<###.#####....#.#.#.......
#)# #.# #.o###.#.###.##..
#.# #.# #..###.#.. .# . #.#
#.# #Z...#.#### #
#<###.#####@..o..####.
#.....................
#####.#####...o..###.. #.#
#....#..... #.. .........###
#######..####.# #..# ...
#..# .. .... ..#


You could see 2 orc wizards, an orc and a centaur skeleton.

Vanquished Creatures
  An ogre (D:4)
  A howler monkey (D:4)
  A bullfrog skeleton (D:5)
  4 orc wizards (D:4)
  An iguana (D:4)
  A worker ant (D:4)
  5 adders
  An ooze (D:2)
  3 worms
  A dart slug (D:3)
  A leopard gecko (D:2)
  13 orcs
  A ball python (D:2)
  3 giant cockroaches
  6 goblins
  4 hobgoblins
  6 jackals
  6 kobolds
  2 quokkas (D:4)
  6 bats
  2 frilled lizards
  6 rats
75 creatures vanquished.

Vanquished Creatures (collateral kills)
  An orc (D:3)
1 creature vanquished.

Grand Total: 76 creatures vanquished

Notes
Turn   | Place    | Note
-------+----------+-------------------------------------------
     0 | D:1      | Blejac999 the Kobold Enchanter began the quest for the Orb.
     0 | D:1      | Reached XP level 1. HP: 10/10 MP: 3/3
   291 | D:1      | Reached XP level 2. HP: 15/15 MP: 5/5
   298 | D:1      | Learned a level 2 spell: Ensorcelled Hibernation
  1595 | D:2      | Reached XP level 3. HP: 16/19 MP: 1/7
  2036 | D:2      | Reached XP level 4. HP: 24/24 MP: 8/8
  2151 | D:2      | Learned a level 3 spell: Tukima's Dance
  3711 | D:3      | Reached XP level 5. HP: 26/28 MP: 2/9
  3953 | D:4      | Reached skill level 5 in Stealth
  3953 | D:4      | Reached skill level 1 in Ice Magic
  3967 | D:4      | Gained mutation: You occasionally shout uncontrollably at
                  | your foes. [potion of mutation]
  3967 | D:4      | Gained mutation: You have a pair of small horns on your
                  | head. [potion of mutation]
  4798 | D:4      | Reached XP level 6. HP: 23/33 MP: 5/11
  4885 | D:5      | Entered Level 5 of the Dungeon
  5337 | D:4      | Noticed an ogre
  5341 | D:4      | Killed an ogre
  5341 | D:4      | Reached XP level 7. HP: 37/37 MP: 9/13
  5514 | D:4      | Learned a level 3 spell: Confuse
  6009 | D:5      | Killed from afar by an orc wizard

Levels and vault maps discovered:
D:1:      ncdulo_smallfort, layout_basic
D:2:      layout_basic, serial_bayou_pond_d
D:3:      layout_rooms, first_ration
D:4:      layout_layer_cave
D:5:      corexii_shantytown, layout_loops_ring, minitemple,
          gammafunk_ghost_grave

Skill      XL: |  1  2  3  4  5  6 |
---------------+-------------------+-----
Dodging        | 3 |  3.7
Short Blades   | 2 3 |  3.2
Spellcasting   | 3 4 |  4.1
Stealth        | 5 |  5.8
Ice Magic      | 1 |  1.9
Hexes          | 4 |  4.4
Fighting       | |  0.8

Action                   |  1- 3 |  4- 6 |  7- 9 || total
-------------------------+-------+-------+-------++-------
Melee: Dagger            |    69 |   136 |    36 ||   241
       Headbutt          |       |     3 |     4 ||     7
 Cast: Corona            |    11 |     8 |     4 ||    23
       Ensorcelled Hiber |    16 |    59 |    10 ||    85
       Tukima's Dance    |       |     2 |       ||     2
  Use: Potion            |     1 |     3 |       ||     4
       Scroll            |     2 |     4 |     1 ||     7
 Stab: Sleeping          |    11 |    29 |     5 ||    45
  Eat: Chunk             |    12 |    14 |     3 ||    29
Armor: Robe              |    15 |    12 |       ||    27
       Skin              |       |    45 |       ||    45
Dodge: Dodged            |    63 |   126 |    38 ||   227
